 Dungeon Crawl Stone Soup version 0.20-a0-903-g7e3609c (webtiles) character file.

174 joejoepie the Ogre Mage (level 5, -5/54 HPs)
             Began as an Ogre Fire Elementalist on Mar 20, 2017.
             Killed by divine providence
             ... invoked by an orc priest
              (12 damage)
             ... on level 3 of the Dungeon.
             The game lasted 00:16:40 (2368 turns).

joejoepie the Ogre Mage (Ogre Fire Elementalist)    Turns: 2368, Time: 00:16:41

Health: -5/54      AC:  4    Str: 13    XL:     5   Next: 54%
Magic:  2/13       EV: 10    Int: 16    God:
Gold:   170        SH:  0    Dex:  9    Spells: 9/15 levels left

rFire    + . .     SeeInvis .   m - +1 mace
rCold    . . .     Gourm    .   a - +1 robe
rNeg     . . .     Faith    .   (no shield)
rPois    .         Spirit   .   (helmet restricted)
rElec    .         Reflect  .   (no cloak)
rCorr    .         Harm     .   (gloves unavailable)
MR       +....                  (boots unavailable)
Stlth    ++........             (no amulet)
Regen    0.2/turn               p - ring of protection from fire
MPRegen  0.2/turn               h - ring of protection from magic

@: no status effects
A: unfitting armour, tough skin 1
a: no special abilities


You were on level 3 of the Dungeon.
You were not hungry.

You visited 1 branch of the dungeon, and saw 3 of its levels.

You collected 170 gold pieces.

Inventory:

Hand Weapons
 d - a +0 club
 e - a +0 dagger
 k - a +0 hunting sling
 m - a +1 mace (weapon)
 q - a +0 whip
Missiles
 i - 17 poisoned needles
 l - 31 stones (quivered)
Armour
 a - a +1 robe (worn)
 g - a +3 leather armour
 v - a +0 animal skin
Jewellery
 h - a ring of protection from magic (left hand)
 j - a +4 ring of dexterity {unknown}
 p - a ring of protection from fire (right hand)
 r - a cursed ring of teleportation {unknown}
Scrolls
 f - a scroll of identify
 o - a scroll of enchant armour
Books
 b - a book of Flames

   Spells                             Type                      Level
   a - Flame Tongue                   Conjuration/Fire             1
   b - Throw Flame                    Conjuration/Fire             2
   c - Conjure Flame                  Conjuration/Fire             3
   d - Inner Flame                    Hexes/Fire                   3
   e - Sticky Flame                   Conjuration/Fire             4
   f - Fireball                       Conjuration/Fire             5
Comestibles
 c - 2 royal jellies
 n - 2 meat rations
 s - 2 fruits
 t - a bread ration
 u - 6 chunks of flesh


   Skills:
 + Level 3.9 Fighting
 + Level 2.2 Maces & Flails
 + Level 2.5 Throwing
 + Level 3.3 Dodging
 + Level 2.7 Stealth
   Level 2.1 Shields
 + Level 2.4 Unarmed Combat
 + Level 5.6 Spellcasting
 + Level 3.9 Conjurations
 + Level 5.0 Fire Magic


You had 9 spell levels left.
You knew the following spells:

 Your Spells              Type           Power        Failure   Level  Hunger
a - Flame Tongue          Conj/Fire      ###..        2%          1    None
b - Throw Flame           Conj/Fire      ###...       4%          2    #......
c - Conjure Flame         Conj/Fire      ###.....     10%         3    ##.....


Dungeon Overview and Level Annotations

Branches:
Dungeon (3/15)

Altars:


Innate Abilities, Weirdness & Mutations

You are too large for most types of armour.
You have tough skin. (AC +1)


Message History

The orc hits you but does no damage. The orc misses you.
The orc closely misses you.
The orc hits you from afar with a trident.
* * * LOW HITPOINT WARNING * * *
You hit the orc.
You kill the orc!
The orc hits you with a whip.
* * * LOW HITPOINT WARNING * * *
The orc closely misses you. The orc barely misses you.
Items here: )) [[ †† A goblin comes into view.
Your magical contamination has completely faded away.
A giant cockroach comes into view.
An orc comes into view.
The orc shouts!
The orc priest shouts!
The orc priest mumbles some strange prayers to Beogh against you.
Beogh smites you!
You die...

**,* #..# #.#(#********#. ##,**
#..# #.#o# ####. *#.######..#
#.#.# #.... *.o........# #.#.#
#.... ,#.....#.(.# #.#.# #....
,#.....#...# #.#.##########.
,#.........# #..............
,#..$....o.########o#.##########.
,.........soo.o.@.....# ##
*.##.##.g#g........#..#
*,#*,*#..#######......#
*,#...#.o##### #.######
*..........o.# #.# *...s.#..###.#
#.# *....##..# #.# #.# *#.##*#..#
#o# #.# #,* #..# #o# #.#


You could see an orc priest, 4 orcs, a giant cockroach and a goblin.

Vanquished Creatures
  An orc wizard (D:3)
  Robin (D:2)
  2 adders
  2 oozes
  A worm (D:2)
  A dart slug (D:1)
  A leopard gecko (D:1)
  5 orcs (D:3)
  A ball python (D:2)
  7 bats
  A giant cockroach (D:1)
  11 goblins
  4 hobgoblins
  6 kobolds
  2 quokkas (D:2)
  A frilled lizard (D:1)
  12 rats
59 creatures vanquished.

Notes
Turn   | Place    | Note
-------+----------+-------------------------------------------
     0 | D:1      | joejoepie the Ogre Fire Elementalist began the quest for the Orb.
     0 | D:1      | Reached XP level 1. HP: 16/16 MP: 3/3
    99 | D:1      | Reached XP level 2. HP: 16/24 MP: 3/5
   610 | D:1      | Reached XP level 3. HP: 28/31 MP: 2/7
   798 | D:1      | Reached skill level 1 in Conjurations
   809 | D:1      | Learned a level 2 spell: Throw Flame
   813 | D:1      | Learned a level 3 spell: Conjure Flame
  1115 | D:2      | Reached skill level 5 in Spellcasting
  1115 | D:2      | Reached skill level 5 in Fire Magic
  1115 | D:2      | Reached XP level 4. HP: 45/48 MP: 7/11
  2113 | D:3      | Reached XP level 5. HP: 54/54 MP: 10/13
  2115 | D:3      | Noticed Robin
  2134 | D:2      | Killed Robin
  2368 | D:3      | Killed from afar by an orc priest

Vault maps used:
D:1:      onia_arrival_mini_maze_b, corexii_item_surrounded_by_moat
D:3:      first_bread, uniq_robin

Skill      XL: |  1  2  3 |
---------------+----------+-----
Fire Magic     | 3 5 |  5.0
Dodging        | 2 3 |  3.3
Conjurations   | 3 |  3.9
Spellcasting   | 5 |  5.6
Fighting       | 3 |  3.9
Maces & Flails | 2 |  2.2
Throwing       | 2 |  2.5
Stealth        | 2 |  2.7
Shields        | 2 |  2.1
Unarmed Combat | 2 |  2.4

Action                   |  1- 3 |  4- 6 || total
-------------------------+-------+-------++-------
Melee: Club              |    28 |       ||    28
       Mace              |    13 |    22 ||    35
 Cast: Flame Tongue      |    24 |    43 ||    67
       Throw Flame       |     5 |    24 ||    29
  Use: Scroll            |     2 |     4 ||     6
       Potion            |     2 |     2 ||     4
  Eat: Bread ration      |     1 |       ||     1
       Chunk             |       |     1 ||     1
Armor: Robe              |    27 |    18 ||    45
Dodge: Dodged            |    53 |    45 ||    98
